[Event "Montebelluna Elite 2020"]
[Site "Montebelluna"]
[Date "2020.01.05"]
[Round "7.6"]
[White "Sankalp Gupta"]
[Black "Zanan, Evegny"]
[Result "0-1"]
[ECO "C93"]
[WhiteElo "2400"]
[BlackElo "2503"]
[Annotator "ChessBase"]
[PlyCount "112"]
[EventDate "2020.01.02"]
[EventType "swiss"]
[EventCountry "ITA"]
[SourceTitle "playchess.com"]
[Source "ChessBase"]
[SourceQuality "1"]
[TimeControl "5400+30"]

1. e4 e5 2. Nf3 Nc6 3. Bb5 a6 4. Ba4 Nf6 5. O-O Be7 6. Re1 b5 7. Bb3 d6 8. c3 O-O 9. h3 Bb7 10. d4 h6 11. Nbd2 Re8 12. Nf1 Bf8 13. Ng3 Na5 14. Bc2 Nc4 15. a4 Nb6 16. b3 bxa4 17. bxa4 a5 18. Bd3 Qc8 19. Nh4 g6 20. f4 Bg7 21. Nf3 Nbd7 22. Ra2 Ba6 23. Bb1 Rb8 24. Be3 Qb7 25. fxe5 dxe5 26. dxe5 Nxe5 27. Nxe5 Rxe5 28. Rf2 Qc6 29. Bd4 Nd7 30. Ba2 Bc4 31. Bxc4 Qxc4 32. Bxe5 Nxe5 33. Ref1 Qxc3 34. Kh2 c6 35. Rc2 Qb4 36. Rd2 Qe7 37. Kh1 Qh4 38. Ne2 Qxe4 39. Ng1 Rf8 40. Nf3 Nxf3 41. Rxf3 c5 42. Rdf2 Bd4 43. Rf1 f5 44. Re1 Qc6 45. Qd3 Re8 46. Qc4+ Kg7 47. Rb1 Re7 48. Rfb3 Qe6 49. Qd3 h5 50. Rb6 Qe4 51. Qa6 f4 52. Rf1 c4 53. Rd6 Qd3 54. Rg1 f3 55. Rxd4 fxg2+ 56. Rxg2 Qxh3+ 0-1

[Event "Montebelluna Elite 2020"]
[Site "Montebelluna"]
[Date "2020.01.05"]
[Round "7.8"]
[White "Barseghyan, Harutyun"]
[Black "Vignesh B"]
[Result "1/2-1/2"]
[ECO "E11"]
[WhiteElo "2459"]
[BlackElo "1912"]
[Annotator "ChessBase"]
[PlyCount "71"]
[EventDate "2020.01.02"]
[EventType "swiss"]
[EventCountry "ITA"]
[SourceTitle "playchess.com"]
[Source "ChessBase"]
[SourceQuality "1"]
[TimeControl "5400+30"]

1. d4 Nf6 2. c4 e6 3. Nf3 Bb4+ 4. Nbd2 O-O 5. a3 Be7 6. e4 d5 7. e5 Nfd7 8. Bd3 c5 9. cxd5 exd5 10. O-O cxd4 11. Nb3 Nc6 12. Re1 f6 13. exf6 Nxf6 14. Qc2 Ne4 15. Rxe4 dxe4 16. Bxe4 Bg4 17. Bxh7+ Kh8 18. Be4 d3 19. Qc4 Bxf3 20. gxf3 Bg5 21. Kh1 d2 22. Bxd2 Bxd2 23. Rd1 Qh4 24. Nxd2 Rad8 25. Qc5 Rf6 26. Kg2 Rfd6 27. Bc2 Rd5 28. Qe3 Qh6 29. f4 Rd4 30. Nf3 Rxd1 31. Bxd1 Qh5 32. Bc2 Qg4+ 33. Kh1 Qh3 34. Qe4 Nd4 35. Ng1 Qh6 36. Bd3 1/2-1/2

[Event "Montebelluna Elite 2020"]
[Site "Montebelluna"]
[Date "2020.01.05"]
[Round "8.4"]
[White "Sonis, Francesco"]
[Black "Nikolovski, Nikola"]
[Result "1/2-1/2"]
[ECO "A10"]
[WhiteElo "2458"]
[BlackElo "2442"]
[Annotator "RC"]
[PlyCount "190"]
[EventDate "2020.01.02"]
[EventType "swiss"]
[EventCountry "ITA"]
[SourceTitle "playchess.com"]
[Source "ChessBase"]
[SourceQuality "1"]
[TimeControl "5400+30"]

1. Nf3 e6 2. c4 f5 3. g3 Nf6 4. Bg2 Be7 5. O-O O-O 6. Nc3 d6 7. b4 Qe8 8. d3 e5 9. e3 Nc6 10. Rb1 Nd8 11. Nd2 Nf7 12. f4 Bd8 13. Re1 c6 14. Nf3 Nh6 15. Ba3 e4 16. Ng5 Nhg4 17. dxe4 h6 18. Nf3 Nxe4 19. Nxe4 fxe4 20. Nd2 Nf6 21. Bb2 Bf5 22. Qc2 d5 23. Bd4 h5 24. cxd5 cxd5 25. Qb3 Qf7 26. h3 Kh8 27. Nf1 Rc8 28. Rbd1 Rc4 29. Bc5 Rg8 30. Nd2 b6 31. Bd4 Rc8 32. Bxf6 gxf6 33. Nxe4 Qg6 34. Qxd5 Rc2 35. Nd2 Qxg3 36. Re2 Qg6 37. Qf3 Bd3 38. Rf2 f5 39. Nf1 Be4 40. Qg3 Rxf2 41. Kxf2 Qxg3+ 42. Nxg3 Bh4 43. Bxe4 Bxg3+ 44. Kf3 fxe4+ 45. Kxe4 Re8+ 46. Kf3 Bh4 47. Rd5 Kg7 48. Rxh5 Be7 49. Re5 Kf7 50. b5 Rd8 51. Re4 Bc5 52. a4 Rd1 53. Re5 Ra1 54. Re4 Kf6 55. Kg3 Ra3 56. Kf3 Ra2 57. Kg3 Ra1 58. Kf2 Kg6 59. Kg3 Ra3 60. Kf3 Kf6 61. Kf2 Bd6 62. Kg3 Kf5 63. Kf3 Rd3 64. Re8 Rc3 65. Re4 Ra3 66. Rd4 Bc5 67. Re4 Rc3 68. Re5+ Kf6 69. Re4 Rb3 70. Kf2 Bd6 71. Kg3 Ra3 72. Kf3 Ra2 73. Rd4 Bc5 74. Re4 Ra3 75. Kf2 Kg6 76. Kf3 Ra2 77. Re6+ Kf7 78. Re4 Ra3 79. Kf2 Kg7 80. Kf3 Kg6 81. Kf2 Kh5 82. Kf3 Kh4 83. Re8 Kh5 84. Re4 Rc3 85. Re5+ Kg6 86. Re6+ Kf5 87. Re5+ Kf6 88. Re4 Rc1 89. Kg3 Rc2 90. Kf3 Rc3 91. Kf2 Bd6 92. Kg3 Kf5 93. Kf3 Rc2 94. Re8 Rc3 95. Re4 Ra3 1/2-1/2

[Event "Montebelluna Elite 2020"]
[Site "Montebelluna"]
[Date "2020.01.05"]
[Round "8.8"]
[White "Vignesh B"]
[Black "Sankalp Gupta"]
[Result "0-1"]
[ECO "B59"]
[WhiteElo "1912"]
[BlackElo "2400"]
[Annotator "ChessBase"]
[PlyCount "116"]
[EventDate "2020.01.02"]
[EventType "swiss"]
[EventCountry "ITA"]
[SourceTitle "playchess.com"]
[Source "ChessBase"]
[SourceQuality "1"]
[TimeControl "5400+30"]

1. e4 c5 2. Nf3 Nc6 3. d4 cxd4 4. Nxd4 Nf6 5. Nc3 d6 6. Be2 e5 7. Nb3 Be7 8. Be3 O-O 9. O-O Be6 10. Kh1 a5 11. f4 a4 12. fxe5 axb3 13. exf6 bxc2 14. Qxc2 Bxf6 15. Nd5 Be5 16. Bf4 Qh4 17. Qd2 Nd4 18. g3 Qd8 19. Be3 Nxe2 20. Qxe2 f5 21. Nf4 Bd7 22. exf5 Bxf5 23. Bd4 Ra4 24. Bxe5 Be4+ 25. Ng2 dxe5 26. Rad1 Rxf1+ 27. Qxf1 Rd4 28. Rxd4 exd4 29. Qc4+ Qd5 30. Qxd5+ Bxd5 31. Kg1 Bxa2 32. Kf2 Kf7 33. Nf4 Kf6 34. Nd3 Bd5 35. Nf4 Be4 36. h4 Ke5 37. Ke2 Bf5 38. Kd2 Ke4 39. Nh5 g6 40. Nf6+ Kf3 41. g4 Bxg4 42. Nxh7 Kg3 43. Kd3 Kxh4 44. Kxd4 g5 45. Ke3 Bd7 46. Nf6 Bc6 47. Ng8 g4 48. Kf2 g3+ 49. Kg1 Kg5 50. Ne7 Be4 51. Nc8 Kf4 52. Nd6 Ke5 53. Nb5 Bc6 54. Nc3 Bf3 55. Nb1 Kd4 56. Nd2 Bc6 57. Nf1 g2 58. Ng3 Kc4 0-1

[Event "Montebelluna Elite 2020"]
[Site "Montebelluna"]
[Date "2020.01.05"]
[Round "8.9"]
[White "Loiacono, Antonio"]
[Black "Yurtseven, Melih"]
[Result "1/2-1/2"]
[ECO "C10"]
[WhiteElo "2295"]
[BlackElo "2385"]
[Annotator "ChessBase"]
[PlyCount "65"]
[EventDate "2020.01.02"]
[EventType "swiss"]
[EventCountry "ITA"]
[SourceTitle "playchess.com"]
[Source "ChessBase"]
[SourceQuality "1"]
[TimeControl "5400+30"]

1. e4 e6 2. d4 d5 3. Nc3 dxe4 4. Nxe4 Nd7 5. g3 Ngf6 6. Nxf6+ Nxf6 7. Bg2 c5 8. Ne2 cxd4 9. Qxd4 Bd6 10. O-O Qc7 11. Bg5 Be5 12. Qd3 Bd7 13. Bf4 Bxf4 14. Nxf4 O-O 15. Rad1 Rac8 16. c3 Qb6 17. Qb1 Bc6 18. h3 Bxg2 19. Kxg2 Qc6+ 20. f3 e5 21. Nd3 Rfe8 22. Nb4 Qe6 23. Rfe1 a5 24. Nd3 e4 25. fxe4 Qc6 26. Nf2 h5 27. h4 Re5 28. Rd4 Rce8 29. Qd3 Nxe4 30. Nxe4 f5 31. Qc4+ Qxc4 32. Rxc4 fxe4 33. Rc7 1/2-1/2

[Event "Montebelluna Elite 2020"]
[Site "Montebelluna"]
[Date "2020.01.06"]
[Round "9.4"]
[White "Sankalp Gupta"]
[Black "Radovanovic, Mihajlo"]
[Result "1-0"]
[ECO "B56"]
[WhiteElo "2400"]
[BlackElo "2485"]
[Annotator "RC"]
[PlyCount "103"]
[EventDate "2020.01.02"]
[EventType "swiss"]
[EventCountry "ITA"]
[SourceTitle "playchess.com"]
[Source "ChessBase"]
[SourceQuality "1"]
[TimeControl "5400+30"]

1. e4 c5 2. Nf3 d6 3. d4 cxd4 4. Nxd4 Nf6 5. Nc3 a6 6. Nb3 Nc6 7. Be3 e6 8. g4 h6 9. Bg2 Ne5 10. h3 g5 11. Qe2 b5 12. O-O-O b4 13. Na4 Nfd7 14. h4 Rg8 15. hxg5 hxg5 16. Rh5 a5 17. f3 Qc7 18. Kb1 Be7 19. Qf2 Rb8 20. Bf1 Nf6 21. Bb6 Qd7 22. Nac5 Qc6 23. Ba7 Qc7 24. Na6 Bxa6 25. Bxb8 Qxb8 26. Bxa6 Nxh5 27. gxh5 a4 28. Nd4 a3 29. Bb5+ Kf8 30. f4 gxf4 31. Qxf4 Rg4 32. Qf2 Kg7 33. Be2 Rg5 34. Rh1 Kh6 35. Qe3 Qc8 36. Rf1 Qc5 37. Qd2 Kg7 38. Nb3 Qb6 39. Qf4 Rg2 40. Qd2 Bg5 41. Qd1 Qe3 42. Qxd6 Qxe4 43. Bd1 Nc4 44. Qc7 Bf6 45. h6+ Kg6 46. h7 Qe5 47. h8=N+ Bxh8 48. Qxf7+ Kh6 49. Rh1+ Rh2 50. Rxh2+ Qxh2 51. Qxe6+ Kg5 52. Qg4+ 1-0